 Dungeon Crawl Stone Soup version 0.21-a0-221-gfe971b9 (webtiles) character file.

38 tidbits the Grave Robber (level 3, 1/26 HPs)
             Began as a Demigod Necromancer on Aug 26, 2017.
             Quit the game on level 3 of the Dungeon.
             The game lasted 00:05:19 (684 turns).

tidbits the Grave Robber (Demigod Necromancer)       Turns: 684, Time: 00:05:19

Health: 1/26       AC:  2    Str: 11    XL:     3   Next: 10%
Magic:  1/9        EV: 12    Int: 21    God:
Gold:   33         SH:  0    Dex: 14    Spells: 4/6 levels left

rFire    . . .     SeeInvis .   a - +0 short sword (curse)
rCold    . . .     Gourm    .   (no shield)
rNeg     . . .     Faith    .   p - +0 robe
rPois    +         Spirit   .   (no helmet)
rElec    .         Reflect  .   (no cloak)
rCorr    .         Harm     .   (no gloves)
MR       .....                  (no boots)
Stlth    ++........             (no amulet)
HPRegen  0.08/turn              (no ring)
MPRegen  0.11/turn              (no ring)

@: lethally poisoned (1 -> -1), very slightly contaminated
A: hooves 1, clumsy 1, high mp 1, poison resistance
a: no special abilities


You were on level 3 of the Dungeon.
You were not hungry.

You visited 1 branch of the dungeon, and saw 4 of its levels.

You collected 33 gold pieces.

Inventory:

Hand Weapons
 a - a cursed +0 short sword (weapon)
 g - a +0 dagger
 o - a +0 spear
Missiles
 d - 32 stones (quivered)
 j - 13 poisoned needles
Armour
 p - a +0 robe (worn)
Scrolls
 k - a scroll of identify {unknown}
 l - a scroll of remove curse {unknown}
 n - a scroll of enchant weapon {unknown}
Books
 b - a book of Necromancy

   Spells                             Type                      Level
   a - Pain                           Necromancy                   1
   b - Animate Skeleton               Necromancy                   1
   c - Vampiric Draining              Necromancy                   3
   d - Regeneration                   Charms/Necromancy            3
   e - Animate Dead                   Necromancy                   4
   f - Control Undead                 Necromancy                   4
Comestibles
 c - a bread ration
 i - 2 meat rations


   Skills:
 - Level 1.7 Dodging
 - Level 1.7 Stealth
 + Level 2.3 Spellcasting
 * Level 4.3 Necromancy


You had 4 spell levels left.
You knew the following spells:

 Your Spells              Type           Power        Failure   Level  Hunger
n - Animate Skeleton      Necr           N/A          2%          1    #......
z - Pain                  Necr           ###.         2%          1    #......


Dungeon Overview and Level Annotations

Branches:
Dungeon (4/15)
 Temple: D:4-7


Innate Abilities, Weirdness & Mutations

You have an increased reservoir of magic. (+10% MP)
You have large cloven feet.
You are clumsy. (Dex -2)
Your system is resistant to poisons. (rPois)


Message History

Confirm with . or Enter, or press ? or * to list all spells.
Aiming: Pain
Press: ? - help, Shift-Dir - straight line, f/p - orc
Aim: an orc, wielding a hand axe (heavily wounded, chance to defeat MR: 89%)
The orc writhes in agony!
You kill the orc!
It was a potion of mutation.
You feel extremely strange.
You feel resistant to poisons.
You feel clumsy.
Your feet thicken and deform.
It was a potion of curing.
You feel better.
Casting: Pain
Confirm with . or Enter, or press ? or * to list all spells.
Aiming: Pain
Press: ? - help, Shift-Dir - straight line, f - giant cockroach
Aim: a giant cockroach (clinging, chance to defeat MR: 89%)
The adder writhes in agony!
Casting: Pain
Confirm with . or Enter, or press ? or * to list all spells.
Aiming: Pain
Press: ? - help, Shift-Dir - straight line, f/p - giant cockroach
Aim: a giant cockroach (clinging, chance to defeat MR: 89%)
You miscast Pain.
You are very lightly contaminated with residual magic.
You smell decay.
The adder barely misses you.
Casting: Pain
Confirm with . or Enter, or press ? or * to list all spells.
Aiming: Pain
Press: ? - help, Shift-Dir - straight line, f - adder, p - giant cockroach
Aim: an adder (moderately wounded, chance to defeat MR: 84%)
The adder barely resists.
The adder bites you.
Casting: Pain
Confirm with . or Enter, or press ? or * to list all spells.
You don't have enough magic to cast that spell.
You miss the adder. Your kick misses the adder.
The adder is moderately wounded.
The adder bites you but does no damage.
A frilled lizard comes into view.
You barely miss the adder.
The frilled lizard hisses angrily.
Your kick misses the adder.
The adder is moderately wounded.
The adder closely misses you. The adder barely misses you.
You hit the adder.
The adder is heavily wounded.
The adder closely misses you.
You closely miss the adder. You kick the adder.
The adder is severely wounded.
The adder misses you. The adder bites you.
* * * LOW HITPOINT WARNING * * *
You are lethally poisoned!
The adder poisons you!
A rat comes into view.
Casting: Pain
Confirm with . or Enter, or press ? or * to list all spells.
Aiming: Pain
Press: ? - help, Shift-Dir - straight line, f/p - adder
Aim: an adder (severely wounded, chance to defeat MR: 84%)
The adder writhes in agony!
* * * LOW HITPOINT WARNING * * *
You feel sick. The adder misses you.
Casting: Pain
Confirm with . or Enter, or press ? or * to list all spells.
You don't have enough magic to cast that spell.
You hit the adder. You kick the adder.
You kill the adder!
You have reached level 3!
Your experience leads to a dramatic increase in your attributes!
Your base attributes are Str 11, Int 19, Dex 16.
Increase (S)trength, (I)ntelligence, or (D)exterity?
You feel clever. x2
* * * LOW HITPOINT WARNING * * *
You feel sick.
As you read the scroll labeled RIVYDGH WU RIU, it crumbles to dust.
It is a scroll of recharging.
You aren't carrying any rechargeable items.
The giant cockroach barely misses you.
You hit the giant cockroach but do no damage.
Your kick misses the giant cockroach.
You hear the slow rusting of a distant drain.
* * * LOW HITPOINT WARNING * * *
You feel sick. The giant cockroach barely misses you.
The giant cockroach misses you.
You closely miss the giant cockroach.
The giant cockroach completely misses you.
You closely miss the giant cockroach.
* * * LOW HITPOINT WARNING * * *
You feel sick.
The giant cockroach bites you but does no damage.
You barely miss the giant cockroach. You kick the giant cockroach.
The giant cockroach is almost dead.
The giant cockroach barely misses you. x2
You hit the giant cockroach.
You kill the giant cockroach!
The rat twitches its whiskers.
The frilled lizard misses you.
You closely miss the frilled lizard. Your kick misses the frilled lizard.
* * * LOW HITPOINT WARNING * * *
You feel sick. The frilled lizard bites you.
* * * LOW HITPOINT WARNING * * *
You closely miss the frilled lizard. The frilled lizard closely misses you.
Are you sure you want to abandon this character and quit the game? (Confirm with "yes".)

....... #. ....... #.
....... #.# ....... ..
...g... #.## .......
..#
..r....######.#####..#
#.......).rl@.......#
#.#.#########.####..
#..# . ##.# .. #.# .#
###.###.# #.......#
#.......# #.......#


You could see a frilled lizard and a rat.

Vanquished Creatures
  An adder (D:3)
  2 leopard geckos (D:1)
  An orc (D:3)
  A ball python (D:1)
  4 giant cockroaches
  2 goblins
  3 hobgoblins
  A bat (D:1)
  A frilled lizard (D:2)
  A kobold (D:1)
  6 rats (D:1)
23 creatures vanquished.

Vanquished Creatures (collateral kills)
  2 goblins (D:1)
  A hobgoblin (D:1)
3 creatures vanquished.

Grand Total: 26 creatures vanquished

Notes
Turn   | Place    | Note
-------+----------+-------------------------------------------
     0 | D:1      | tidbits the Demigod Necromancer began the quest for the Orb.
     0 | D:1      | Reached XP level 1. HP: 14/14 MP: 5/5
    60 | D:1      | Learned a level 1 spell: Animate Skeleton
   265 | D:1      | Reached skill level 2 in Spellcasting
   265 | D:1      | Reached XP level 2. HP: 13/20 MP: 5/7
   273 | D:1      | Reached skill level 4 in Necromancy
   664 | D:3      | Gained mutation: Your system is resistant to poisons. (rPois) [potion of mutation]
   664 | D:3      | Gained mutation: You are clumsy. (Dex -2) [potion of mutation]
   664 | D:3      | Gained mutation: You have large cloven feet. [potion of mutation]
   674 | D:3      | Reached XP level 3. HP: 6/26 MP: 0/9
   682 | D:3      | HP: 1/26 [frilled lizard (2)]
   684 | D:3      | Quit the game

Vault maps used:
D:1:      dpeg_arrival_rhombi
D:2:      wad_river_or_something, nicolae_overflow_crystal_walls, first_bread,
          uniq_natasha, uniq_crazy_yiuf_cottage
D:3:      demons_altar, okawaru_trees_2, grunt_temple_overflow_open,
          portal_sewer_entry_a, grunt_dithmenos_smoke, uniq_terence
D:4:      kennysheep_little_box, guppyfry_early_orc_mine

Skill      XL: |  1  2 |
---------------+-------+-----
Spellcasting   | 2 |  2.3
Necromancy     | 4 |  4.3
Dodging        | |  1.7
Stealth        | |  1.7

Action                   || total
-------------------------++-------
Melee: Dagger            ||    14
       Short sword       ||    12
       Kick              ||     3
 Cast: Pain              ||    34
       Animate Skeleton  ||     4
  Use: Potion            ||     2
       Scroll            ||     1
 Stab: Sleeping          ||     1
Armor: Robe              ||     4
Dodge: Dodged            ||    24

Table legend:
 A = Spawn XP
 B = Non-spawn XP
 C = Spawn XP percentage of total XP
 D = Spawn monster count
 E = Non-spawn monster count
 F = Spawn count percentage of total count
 G = Total turns spent on level
                    A         B        C        D         E        F      G
               +---------+---------+-------+---------+---------+-------+---------
         Total |       3 |      52 |   5.5 |       1 |      25 |   3.8 |   684
               +---------+---------+-------+---------+---------+-------+---------
           D:1 |       0 |      28 |   0.0 |       0 |      18 |   0.0 |   494
           D:2 |       0 |       7 |   0.0 |       0 |       4 |   0.0 |    76
           D:3 |       3 |      17 |  15.0 |       1 |       3 |  25.0 |    95
               +---------+---------+-------+---------+---------+-------+---------

Table legend:
 A = Turns spent in this place as a percentage of turns spent in the entire game.
 B = Non-inter-level travel turns spent in this place as a percentage of non-inter-level travel turns spent in the entire game.
 C = Inter-level travel turns spent in this place as a percentage of turns spent in this place.
 D = Turns resting spent in this place as a percentage of non-inter-level travel turns spent in this place.
 E = Turns spent auto-exploring this place as a percentage of non-inter-level travel turns spent in this place.
 F = Non-inter-level travel turns spent in this place divided by the number of levels of this place that you've seen.
                   A       B       C       D       E      F
               +-------+-------+-------+-------+-------+----------------------
         Total | 100.0 | 100.0 |  12.4 |   0.0 |   0.0 | 149.8
       Dungeon | 100.0 | 100.0 |  12.4 |   0.0 |   0.0 | 149.8
               +-------+-------+-------+-------+-------+----------------------

Table legend:
 A = Kills in this place as a percentage of kills in entire the game.
 B = Kills by you in this place as a percentage of kills by you in the entire game.
 C = Kills by friends in this place as a percentage of kills by friends in the entire game.
 D = Other kills in this place as a percentage of other kills in the entire game.
 E = Experience gained in this place as a percentage of experience gained in the entire game.
 F = Experience gained in this place divided by the number of levels of this place that you have seen.
                   A       B       C       D       E      F
               +-------+-------+-------+-------+-------+----------------------
         Total | 100.0 | 100.0 | 100.0 |   N/A | 100.0 |  13.8
       Dungeon | 100.0 | 100.0 | 100.0 |   N/A | 100.0 |  13.8
               +-------+-------+-------+-------+-------+----------------------

Vault maps used:
D:1:      dpeg_arrival_rhombi
D:2:      wad_river_or_something, nicolae_overflow_crystal_walls, first_bread,
          uniq_natasha, uniq_crazy_yiuf_cottage
D:3:      demons_altar, okawaru_trees_2, grunt_temple_overflow_open,
          portal_sewer_entry_a, grunt_dithmenos_smoke, uniq_terence
D:4:      kennysheep_little_box, guppyfry_early_orc_mine
